 Dungeon Crawl Stone Soup version 0.18.1-48-g4cf74bf (webtiles) character file.

22 mopl the Gusty (level 2, -6/14 HPs)
             Began as a Vine Stalker Wanderer on Aug 29, 2016.
             Killed from afar by a dart slug (7 damage)
             ... with a slug dart
             ... on level 2 of the Dungeon.
             The game lasted 00:01:52 (950 turns).

mopl the Gusty (Vine Stalker Wanderer)               Turns: 950, Time: 00:01:54

Health: -6/14      AC:  2    Str: 16    XL:     2   Next: 91%
Magic:  0/4        EV: 16    Int: 10    God:
Gold:   75         SH:  0    Dex: 18    Spells: 0 memorised, 3 levels left

rFire  . . .     SeeInvis .     r - -1 dagger (curse)
rCold  . . .     Gourm    .     d - +0 robe
rNeg   . . .     Faith    .     (no shield)
rPois  .         Spirit   +     (no helmet)
rElec  .         Dismiss  .     (no cloak)
rCorr  .         Reflect  .     (no gloves)
SustAt .         Harm     .     (no boots)
MR     .....                    (no amulet)
Stlth  +++.......               (no ring)
                                (no ring)

@: agile, lethally poisoned (-6 -> -6), invisible, not resistant to hostile
enchantments, fairly stealthy
A: fangs 2, regeneration 1, magic shield, antimagic bite, no device heal 3, rot
immunity
a: no special abilities


You were on level 2 of the Dungeon.
You were not hungry.

You visited 1 branch of the dungeon, and saw 2 of its levels.

You collected 75 gold pieces.

Inventory:

Hand Weapons
 b - a +0 mace
 r - a cursed -1 dagger (weapon)
Armour
 d - a +0 robe (worn)
Scrolls
 c - a scroll of teleportation
 g - 2 scrolls of remove curse {unknown}
 h - a scroll of amnesia {unknown}
 i - a scroll of immolation {unknown}
 j - 3 scrolls of noise {unknown}
 m - a scroll of fog {unknown}
 n - 2 scrolls of identify {unknown}
 o - a scroll of magic mapping {unknown}
 p - a scroll of blinking {unknown}
Potions
 e - a potion of agility
 l - a potion of degeneration {unknown}
 q - 2 potions of might {unknown}
Books
 a - a book of Air

   Spells                             Type                      Level
   a - Shock                          Conjuration/Air              1
   b - Swiftness                      Charms/Air                   2
   c - Repel Missiles                 Charms/Air                   2
   d - Static Discharge               Conjuration/Air              3
   e - Lightning Bolt                 Conjuration/Air              5
Comestibles
 f - a bread ration


   Skills:
 + Level 1.3 Fighting
   Level 1.7 Axes
 + Level 1.6 Throwing
 + Level 2.0 Stealth
 - Level 1.1 Spellcasting
   Level 1.0 Fire Magic
   Level 3.0 Air Magic
   Level 1.0 Evocations


You had 3 spell levels left.
You didn't know any spells.

Dungeon Overview and Level Annotations

Branches:
Dungeon (2/15)

Altars:


Innate Abilities, Weirdness & Mutations

You have extremely sharp teeth.
Your natural rate of healing is unusually fast.
When hurt, damage is shared between your health and your magic reserves.
Your bite disrupts and absorbs the magic of your enemies.
Potions and wands cannot restore your health.
You are immune to rotting.


Message History

You barely miss the adder.
The adder is heavily wounded.
The adder misses you. The dart slug bites you.
* * * LOW HITPOINT WARNING * * *
Read which item? (? for menu, Esc to quit)
Okay, then.
Drink which item? (? for menu, Esc to quit)
It was a potion of agility.
You feel agile all of a sudden. The adder closely misses you.
The dart slug completely misses you. The adder completely misses you.
Drink which item? (? for menu, Esc to quit)
It was a potion of invisibility.
You fade into invisibility!
* * * LOW HITPOINT WARNING * * *
You feel sick. The adder barely misses you.
The dart slug launches a dart at you. The slug dart hits you!
Ouch! That really hurt!
You die...

# #### #. ..... #.# ...#
########## #..# ....##
...#.....## #..###......
..........## #..@S......
...........#####.w......
.................#####..
...........#######
...........#
..(.(......#
.(††.......#
..........##
...#.....#..


You could see an adder and a dart slug.

Vanquished Creatures
  3 goblins
  A hobgoblin (D:1)
  8 jackals (D:1)
  2 kobolds (D:2)
  4 bats
  A rat (D:2)
19 creatures vanquished.

Notes
Turn   | Place    | Note
--------------------------------------------------------------
     0 | D:1      | mopl the Vine Stalker Wanderer began the quest for the Orb.
     0 | D:1      | mopl set off with: a book of Air, a +0 mace, a scroll of teleportation, a +0 robe, a bread ration
     0 | D:1      | Reached XP level 1. HP: 10/10 MP: 3/3
   157 | D:1      | Reached skill level 1 in Stealth
   260 | D:1      | Reached XP level 2. HP: 11/14 MP: 2/4
   886 | D:2      | Reached skill level 2 in Stealth
   950 | D:2      | Killed from afar by a dart slug

Skill      XL: |  1  2 |
---------------+-------+-----
Stealth        | 1 2 |  2.0
Fighting       | |  1.3
Axes           | |  1.7
Throwing       | |  1.6
Spellcasting   | |  1.1
Fire Magic     | |  1.0
Air Magic      | |  3.0
Evocations     | |  1.0

Action                   || total
-------------------------++-------
Melee: Mace              ||    57
       Bite              ||     9
       Dagger            ||     9
  Use: Potion            ||     2
Armor: Robe              ||    32
Dodge: Dodged            ||    88
